Map: Blood Boil LE

Players

Zest - Winner!

  • Race: Protoss Protoss
  • League: Master
  • Spawn Location: 5:00

liquidthermy (uThermal)

  • Race: Terran Terran
  • League: Master
  • Spawn Location: 11:00

Event: HomeStory Cup XV

VOD

Have the link to the VOD?

Description

Time

  • Played on: July 23, 2017, 1:27 p.m.
  • Length: 13:55

All games in this series

Show
View Real Time Build Order
Export as new Build Order

Zest Protoss - Winner!

Build Orders: 1 Gate Expand, Oracle Opening, Phoenix Opening 

Get SALT Encoding   

  12  0:00  Probe (Chrono Boost), Unknown  
  13  0:11  Probe (Chrono Boost)  
  14  0:18  Pylon  
  14  0:22  Probe (Chrono Boost)  
  15  0:36  Probe (Chrono Boost)  
  15  0:38  Gateway  
  16  0:46  Probe (Chrono Boost)  
  16  0:48  Assimilator  
  18  0:57  Probe (Chrono Boost)  
  18  1:07  Probe (Chrono Boost)  
  19  1:23  Nexus  
  19  1:33  Cybernetics Core  
  19  1:37  Probe (Chrono Boost)  
  20  1:44  Assimilator  
  20  1:47  Probe (Chrono Boost)  
  21  1:54  Pylon  
  21  1:58  Probe (Chrono Boost)  
  22  2:08  Probe (Chrono Boost)  
  22  2:12  Adept (Chrono Boost)  
  25  2:20  Stargate  
  25  2:24  Probe  
  26  2:33  Warp Gate  
  26  2:36  Probe (Chrono Boost)  
  27  2:40  Probe (Chrono Boost)  
  28  2:47  Probe (Chrono Boost)  
  28  2:51  Probe (Chrono Boost)  
  29  2:57  Probe (Chrono Boost)  
  30  3:00  Probe (Chrono Boost)  
  30  3:03  Oracle (Chrono Boost)  
  34  3:08  Probe  
  34  3:10  Probe  
  36  3:19  Pylon  
  36  3:20  Probe x2  
  38  3:31  Probe  
  38  3:32  Probe  
  40  3:35  Phoenix (Chrono Boost)  
  40  3:39  Gateway  
  42  3:42  Probe  
  42  3:45  Probe  
  44  3:52  Probe  
  45  3:56  Phoenix (Chrono Boost)  
  45  3:57  Probe  
  48  4:07  Nexus  
  48  4:09  Probe  
  49  4:10  Pylon  
  49  4:16  Probe  
  49  4:18  Phoenix (Chrono Boost)  
  49  4:24  Probe  
  53  4:25  Pylon  
  53  4:27  Probe  
  53  4:29  Assimilator  
  54  4:36  Probe  
  54  4:37  Probe  
  55  4:40  Phoenix (Chrono Boost)  
  58  4:48  Probe  
  59  4:53  Probe  
  60  5:00  Probe  
  60  5:01  Phoenix (Chrono Boost)  
  60  5:04  Pylon  
  60  5:06  Forge  
  63  5:07  Twilight Council  
  63  5:10  Pylon  
  63  5:14  Probe  
  63  5:15  Probe  
  63  5:20  Probe  
  63  5:21  Assimilator  
  65  5:23  Phoenix (Chrono Boost)  
  65  5:24  Probe  
  65  5:26  Assimilator, Adept x2  
  73  5:28  Probe  
  73  5:30  Probe  
  73  5:35  Probe  
  75  5:37  Protoss Ground Armor Level 1  
  75  5:40  Mothership Core  
  78  5:48  Photon Cannon  
  78  5:49  Probe  
  77  5:51  Probe  
  77  5:56  Phoenix (Chrono Boost)  
  81  5:57  Gateway  
  81  5:59  Probe, Gateway  
  81  6:00  Gateway  
  81  6:03  Gateway  
  82  6:06  Sentry  
  82  6:08  Probe  
  85  6:12  Sentry  
  85  6:15  Probe x2  
  89  6:20  Probe  
  90  6:25  Probe  
  90  6:26  Probe  
  90  6:28  Robotics Facility  
  90  6:32  Pylon  
  92  6:35  Photon Cannon  
  92  6:36  Probe x3  
  92  6:37  Charge (Chrono Boost), Pylon  
  95  6:48  Probe  
  95  6:53  Probe  
  96  6:58  Zealot  
  96  6:59  Zealot  
  101  7:02  Pylon  
  101  7:04  Gateway  
  101  7:06  Gateway  
  101  7:07  Probe  
  101  7:08  Probe x2, Gateway  
  101  7:12  Pylon  
  101  7:13  Observer (Chrono Boost), Pylon  
  105  7:19  Photon Cannon  
  105  7:21  Templar Archives  
  105  7:28  Probe  
  105  7:29  Probe  
  101  7:32  Protoss Ground Armor Level 2  
  101  7:40  Probe  
  101  7:41  Probe x2  
  101  7:44  Warp Prism  
  104  7:46  Psionic Storm  
  106  7:52  Probe  
  106  7:53  Probe  
  106  7:54  Forge  
  108  8:03  Nexus  
  108  8:05  Pylon  
  108  8:07  Zealot, Pylon x2, High Templar x2  
  108  8:08  Zealot x2  
  108  8:12  Blink (Chrono Boost)  
  118  8:27  Probe x3  
  118  8:28  Observer  
  118  8:32  Robotics Facility  
  122  8:35  Robotics Bay  
  122  8:43  Zealot, High Templar x2  
  122  8:44  Zealot x6  
  140  8:50  Observer  
  140  8:52  Archon  
  141  9:05  Zealot x7  
  142  9:17  Archon  
  142  9:25  Photon Cannon  
  142  9:27  Colossus (Chrono Boost)  
  142  9:29  Colossus (Chrono Boost)  
  154  9:38  Zealot x9  
  150  9:57  Probe  
  150  9:58  Probe x3  
  152  10:01  Extended Thermal Lance  
  152  10:04  Assimilator  
  152  10:09  Assimilator  
  152  10:11  Protoss Ground Armor Level 3 (Chrono Boost), Protoss Ground Weapons Level 1 (Chrono Boost)  
  152  10:13  Pylon  
  152  10:16  Nexus  
  152  10:17  Stalker x6  
  164  10:29  Stalker x3  
  170  10:44  Colossus (Chrono Boost)  
  170  10:47  Immortal (Chrono Boost)  
  176  10:54  Pylon  
  176  10:55  Pylon  
  180  10:58  Pylon  
  180  10:59  Pylon  
  180  11:02  Assimilator  
  180  11:06  Assimilator  
  180  11:11  Photon Cannon  
  176  11:17  Zealot x7  
  176  11:18  Zealot x2  
  188  11:29  Immortal  
  188  11:31  Immortal  
  192  11:47  Zealot x4  
  200  11:58  Protoss Shields Level 1 (Chrono Boost)  
  200  12:12  High Templar x2  
  200  12:15  High Templar x2  
  198  12:22  High Templar, Dark Shrine  
  192  12:23  High Templar  
  192  12:27  Stalker  
  192  12:28  Stalker  
  196  12:59  High Templar x2  
  196  13:05  Archon  
  200  13:16  Zealot x4  
  200  13:17  Zealot x2  
  183  13:21  Archon  
  183  13:22  Zealot  
  168  13:33  Stalker x2  
  158  13:42  Stalker x7  
Show
View Real Time Build Order
Export as new Build Order

liquidthermy Terran 

Build Orders: MMM Bio 

Get SALT Encoding   

  12  0:00  Unknown  
  12  0:01  SCV  
  13  0:14  SCV  
  14  0:18  Supply Depot  
  14  0:26  SCV  
  15  0:28  Refinery  
  15  0:39  SCV  
  16  0:47  Barracks  
  16  0:51  SCV  
  17  1:03  SCV  
  18  1:15  SCV  
  19  1:28  SCV  
  20  1:39  Reaper  
  21  1:40  Orbital Command  
  21  1:53  Supply Depot  
  21  2:00  Command Center  
  21  2:05  SCV  
  22  2:16  Factory  
  22  2:18  SCV  
  23  2:23  Barracks Reactor  
  23  2:29  Refinery  
  23  2:30  SCV  
  24  2:42  SCV  
  24  2:54  SCV  
  25  3:02  Starport  
  25  3:05  Widow Mine x2  
  25  3:06  SCV  
  25  3:12  Orbital Command, Engineering Bay  
  30  3:18  Marine  
  30  3:19  SCV  
  32  3:31  SCV  
  32  3:35  Widow Mine x2  
  32  3:38  Medivac  
  32  3:40  Missile Turret  
  38  3:44  Missile Turret  
  38  3:45  SCV  
  38  3:46  SCV  
  40  3:55  Barracks Tech Lab  
  40  3:58  SCV, Supply Depot  
  41  4:06  SCV  
  41  4:07  Supply Depot  
  41  4:10  SCV  
  41  4:15  Medivac, Widow Mine x2  
  46  4:19  SCV  
  47  4:27  SCV, Marine  
  47  4:28  Stimpack  
  47  4:30  Supply Depot  
  49  4:32  SCV  
  50  4:39  SCV  
  50  4:44  SCV  
  50  4:47  Widow Mine x2  
  50  4:52  Medivac  
  52  4:54  SCV  
  52  4:56  Marine  
  54  5:00  SCV  
  54  5:06  SCV  
  54  5:13  SCV  
  55  5:16  Widow Mine x2  
  55  5:17  Command Center  
  55  5:18  SCV  
  60  5:25  SCV, Starport Reactor  
  60  5:27  Barracks  
  61  5:30  SCV  
  61  5:32  Barracks  
  62  5:36  Marine, Engineering Bay  
  62  5:37  SCV  
  62  5:38  Refinery  
  64  5:42  SCV  
  64  5:49  SCV  
  60  5:55  SCV  
  59  5:57  Marine  
  59  6:01  SCV, Terran Infantry Weapons Level 1  
  59  6:02  Terran Infantry Armor Level 1  
  61  6:06  Factory Reactor, Missile Turret  
  61  6:07  SCV  
  62  6:12  Starport Reactor, Missile Turret  
  62  6:13  SCV  
  62  6:15  Marine  
  64  6:19  SCV  
  64  6:25  SCV  
  66  6:27  Barracks  
  66  6:31  SCV, Orbital Command  
  66  6:32  Barracks  
  67  6:33  Marine x4  
  67  6:36  Marine  
  67  6:37  SCV  
  73  6:43  SCV  
  73  6:44  Widow Mine x2  
  78  6:50  Marine  
  78  6:51  Marine  
  80  6:54  Medivac  
  80  6:56  Medivac  
  80  6:57  SCV  
  85  7:05  Supply Depot  
  85  7:06  Armory  
  85  7:07  Marine x2, SCV  
  86  7:08  Supply Depot  
  86  7:09  Supply Depot  
  86  7:10  Supply Depot  
  86  7:11  Marine x2  
  86  7:12  Supply Depot  
  86  7:13  SCV  
  86  7:14  Marine  
  90  7:19  Combat Shields  
  90  7:20  Barracks Reactor  
  90  7:21  SCV  
  90  7:22  SCV  
  92  7:26  SCV  
  93  7:30  Widow Mine x2  
  93  7:31  Marine  
  93  7:33  Marine, SCV  
  93  7:34  SCV  
  93  7:35  Medivac  
  101  7:39  Medivac  
  101  7:41  Marine x2  
  101  7:44  Barracks Reactor  
  99  7:48  Missile Turret x2  
  99  7:51  Missile Turret  
  99  7:52  Marine  
  99  7:54  Missile Turret  
  99  7:55  Marine x2, Missile Turret  
  99  7:56  Marine  
  103  7:59  Marine, Widow Mine x2  
  103  8:03  Marine  
  103  8:04  Refinery  
  109  8:05  Refinery  
  109  8:08  Marine  
  109  8:09  Marine  
  112  8:17  Marine x2  
  113  8:20  Marine x2  
  113  8:21  Marine x2  
  113  8:23  Terran Infantry Weapons Level 2  
  113  8:25  Marine  
  113  8:26  Marine  
  116  8:27  Marine  
  116  8:29  Widow Mine  
  116  8:30  Supply Depot  
  116  8:32  Supply Depot  
  119  8:34  Marine  
  119  8:35  Marine  
  119  8:38  Marine x3  
  119  8:39  Marine, Barracks  
  119  8:40  Barracks  
  125  8:41  Barracks  
  125  8:43  Marine  
  125  8:44  Marine  
  125  8:45  Marine  
  125  8:46  Widow Mine  
  130  8:52  Marine  
  130  8:53  Marine  
  132  8:56  Marine x3  
  132  8:57  Marine  
  132  9:01  Marine  
  132  9:02  Marine  
  134  9:03  Marine  
  134  9:05  Liberator x2  
  128  9:10  Marine, Widow Mine  
  128  9:11  Marine  
  128  9:14  Marine x3  
  128  9:15  Marine  
  122  9:18  Widow Mine  
  122  9:19  Marine x2  
  122  9:21  Marine  
  132  9:24  Terran Infantry Armor Level 2  
  132  9:26  Marine  
  132  9:28  Barracks Reactor, Marine, Barracks Tech Lab  
  132  9:29  Marine  
  133  9:32  Marine x2  
  133  9:35  Marauder, Marine  
  133  9:37  Marine x2  
  131  9:42  Marine  
  131  9:43  Marine  
  126  9:52  Marine  
  120  9:53  Marine  
  120  9:55  Marine x2  
  120  9:56  Marine x2  
  120  9:57  Marauder  
  120  9:58  Marine  
  120  9:59  Marine x2  
  127  10:01  Widow Mine  
  127  10:03  Widow Mine  
  127  10:05  Medivac x2  
  136  10:07  Marine x2  
  136  10:08  Missile Turret  
  136  10:14  Marine x2  
  139  10:17  Marauder  
  139  10:19  Marauder, Marine  
  145  10:24  Marine  
  146  10:30  Widow Mine, Supply Depot  
  146  10:31  Supply Depot  
  146  10:32  Marine x2  
  146  10:33  Widow Mine  
  148  10:42  Supply Depot  
  148  10:44  Marauder, Marine  
  149  10:51  Marauder, Marine x2, Medivac x2  
  149  10:52  Marine x2  
  159  10:58  Ghost Academy  
  159  11:05  Marauder, Marine  
  159  11:07  Marine x2  
  164  11:17  Marine x2  
  165  11:20  Marine  
  165  11:21  Medivac x2  
  165  11:23  Widow Mine  
  165  11:24  Widow Mine  
  171  11:29  Ghost x2  
  171  11:30  Barracks Tech Lab  
  171  11:31  Marine x2  
  171  11:32  Marine  
  175  11:33  Marine x2  
  174  11:42  Marine x3  
  174  11:47  Supply Depot  
  170  11:48  Supply Depot  
  170  11:50  Marine x2  
  170  11:51  Marine  
  170  11:52  Marine, Widow Mine  
  166  11:55  Marine  
  166  11:59  Marauder x2  
  166  12:00  Ghost  
  173  12:05  Marine  
  174  12:12  Marine x2  
  176  12:18  Marine x3  
  176  12:20  Marauder x2  
  176  12:22  Marine  
  184  12:25  Medivac  
  184  12:27  Orbital Command  
  184  12:29  Marauder, Medivac  
  190  12:37  Marine x2  
  189  12:41  Marauder  
  189  12:42  Marauder, Marine  
  195  12:44  Marine  
  195  12:51  Marauder  
  196  12:55  Medivac  
  196  12:56  Marine x2  
  197  13:11  Marauder, Medivac  
  197  13:12  Marauder  
  195  13:16  Marauder, Marine  
  175  13:25  Medivac  
  139  13:29  Marine  
  139  13:30  Marine  
  139  13:31  Marine x3  
  139  13:32  Marauder, Marine  
  139  13:34  Marauder  
Tags
 
Add a new tag
Caveats
  • Supply blocks, unpowered buildings, or Contaminate may cause inaccurate times.
  • Supply counts are checked every 10 seconds.